AoeStats
← SDK. EL COLOMBIANO

Arena

509126832Analyzed
2v2 RM · 8d ago on Sep 25, 2026· 58m 49s· 4 players
Game mode
Random Map
Map size
Medium (4 player)
Population
200
Speed
Normal
Resources
Standard
Victory
Conquest
Starting age
Dark Age
Ending age
Imperial Age
RankedLock teamsTeams togetherTeam positionsShared explorationLock speedFull tech treeHidden civsTurbo modeCheats
Victory
Defeat
🇺🇸 Turks · United States
973
+15
🇨🇴 Magyars · Colombia
963
+15
🇩🇪 Japanese · Germany
972
-16
🇩🇪 Franks · Germany
917
-14
SDK. EL COLOMBIANO
11:16 Feudal Age
11:20 Loom
14:49 Castle Age
15:32 Wheelbarrow
14:44 Town Watch
15:02 Double-Bit Axe
16:46 Horse Collar
29:03 Imperial Age
27:42 Scale Barding Armor
27:58 Heavy Plow
29:28 Chain Barding Armor
30:43 Conscription
34:10 Pikeman
37:48 Halberdier
39:57 Light Cavalry
41:13 Bloodlines
45:35 Husbandry
46:27 Hussar
52:19 Plate Barding Armor
54:19 Hand Cart
55:38 Fletching
snacks165x
10:59 Feudal Age
11:36 Double-Bit Axe
11:32 Horse Collar
19:22 Castle Age
18:26 Stone Mining
21:01 Bow Saw
21:42 Heavy Plow
25:58 Town Watch
26:54 Wheelbarrow
26:25 Town Watch
27:15 Squires
30:59 Husbandry
33:10 Thumb Ring
33:54 Caravan
35:07 Ballistics
37:32 Imperial Age
35:42 Hand Cart
35:31 Fletching
35:55 Loom
37:00 Padded Archer Armor
38:09 Sipahi
38:06 Town Patrol
38:45 Conscription
39:14 Bodkin Arrow
39:42 Bombard Tower
43:13 Parthian Tactics
42:08 Heavy Cavalry Archer
45:14 Elite Janissary
47:34 Heavy Cavalry Archer
50:52 Two-Man Saw
50:42 Artillery
51:24 Arson
51:41 Scale Mail Armor
51:47 Scale Barding Armor
51:43 Bracer
51:59 Leather Archer Armor
51:54 Forging
52:11 Treadmill Crane
52:26 Murder Holes
helo
11:08 Feudal Age
15:09 Castle Age
13:38 Double-Bit Axe
18:59 Wheelbarrow
19:51 Bow Saw
23:08 Scale Mail Armor
23:32 Loom
25:22 Gold Mining
27:44 Gold Shaft Mining
30:40 Imperial Age
29:37 Pikeman
30:57 Halberdier
32:51 Gambesons
38:27 Squires
37:51 Elite Samurai
40:50 Thumb Ring
40:05 Elite Skirmisher
42:04 Masonry
43:57 Hand Cart
51:42 Ballistics
52:22 Chemistry
51:03 Treadmill Crane
51:19 Murder Holes
51:12 Arrowslits
51:17 Guard Tower
53:59 Conscription
57:47 Keep
cmd
10:02 Loom
11:48 Feudal Age
13:49 Double-Bit Axe
16:53 Castle Age
18:50 Scale Barding Armor
19:36 Wheelbarrow
19:23 Gold Mining
19:26 Stone Mining
22:43 Husbandry
25:54 Chain Barding Armor
26:29 Forging
31:19 Imperial Age
31:12 Iron Casting
31:27 Cavalier
32:46 Plate Barding Armor
31:37 Capped Ram
33:15 Gold Shaft Mining
33:06 Bow Saw
37:47 Paladin
39:14 Chivalry
50:27 Hand Cart
52:33 Elite Skirmisher
Connection lost

Rejoining the realm…

Still unreachable

The connection could not be restored.

Session expired

The server has moved on; the page needs a fresh start.